 Dungeon Crawl Stone Soup version 0.31-a0-828-gb7646bb5e3 (webtiles) character file.

Game seed: 13681330751423569832

1210 Descartes the Ducker (level 8, -1/36 HPs)
             Began as a Felid Shapeshifter on Sept 24, 2023.
             Slain by a human
             ... wielding a +0 club
              (7 damage)
             ... on level 6 of the Dungeon.
             The game lasted 00:06:08 (4538 turns).

Descartes the Ducker (Felid Shapeshifter)           Turns: 4538, Time: 00:06:09

Health: -1/36      AC:  2    Str: 12    XL:     8   Next: 22%
Magic:  9/9        EV: 20    Int: 12    God:
Gold:   281        SH:  0    Dex: 15    Spells: 7/7 levels left
                                        Lives:  0   Deaths: 3

rFire   . .          .
                       - Unarmed
rCold   . . .        (shield unavailable)
rNeg    . . .        (body armour unavailable)
rPois   .            (helmet unavailable)
rElec   .            (cloak unavailable)
rCorr   +            (gloves unavailable)
SInv    +            (boots unavailable)
Will    +....        (no amulet)
Stlth   +            i - ring of resist corrosion
HPRegen 0.26/turn    e - ring of wizardry
MPRegen 0.11/turn

%: wizardry (x1)
@: beast-form, quick
A: beast (slay +3), very small, claws 1, fangs 3, see invisible, speed 1, shaggy
fur 2, stealthy paws, no weapons or thrown items, no armour, multi-lived
a: Begin Untransformation


You were on level 6 of the Dungeon.
You were a hulking beast.
You visited 1 branch of the dungeon, and saw 6 of its levels.

You collected 281 gold pieces.

Inventory:

Jewellery
 e - a ring of wizardry (right paw)
 i - a ring of resist corrosion (left paw)
 s - a ring of ice
 z - an amulet of magic regeneration
Talismans
 b - a beast talisman (active)
 c - a flux talisman
Scrolls
 d - 2 scrolls of noise {unknown}
 g - 4 scrolls of identify {unknown}
 k - a scroll of fear {unknown}
 l - a scroll of summoning {unknown}
 p - a scroll of blinking {unknown}
 r - 2 scrolls of vulnerability {unknown}
 t - a scroll of enchant weapon {unknown}
 u - 2 scrolls of fog {unknown}
 v - a scroll of poison {unknown}
 y - 2 scrolls of enchant armour {unknown}
Potions
 a - a potion of lignification
 f - 2 potions of brilliance {unknown}
 h - 2 potions of degeneration {unknown}
 j - a potion of enlightenment {unknown}
 m - a potion of attraction {unknown}
 n - 2 potions of mutation {unknown}
 o - 2 potions of might {unknown}
 q - a potion of heal wounds {unknown}
 w - 3 potions of curing {unknown}
 x - a potion of experience {unknown}


   Skills:
 + Level 4.9 Fighting
 + Level 6.9 Dodging
 + Level 5.8 Unarmed Combat
 + Level 5.9 Shapeshifting


You had 7 spell levels left.
You didn't know any spells.
Your spell library was empty.

Dungeon Overview and Level Annotations

Branches:
Dungeon (6/15)
 Temple: D:4-7

Altars:
Wu Jian

Shops:
D:4 *   D:6 =


Innate Abilities, Weirdness & Mutations

You are a hulking beast.
Your limbs bulge with bestial killing power. (Slay +3)
You have sharp claws.
You have razor-sharp teeth.
You have supernaturally acute eyesight. (SInv)
You cover ground quickly. (Speed+)
You are covered in thick fur. (AC +2)
Your paws help you pounce on unaware monsters.
You are incapable of wielding weapons or throwing items.
You cannot wear armour.
You gain extra lives every three experience levels.


Message History

The human is heavily wounded.
The human closely misses you. The human hits you.
The scorpion barely misses you.
The human shoots a sling bullet.
The sling bullet closely misses you.
The sling bullet hits the scorpion!
You are too injured to fight recklessly!
You are too injured to fight recklessly!
You are too injured to fight recklessly!
You are too injured to fight recklessly!
You are too injured to fight recklessly!
You are too injured to fight recklessly!
You are too injured to fight recklessly!
You are too injured to fight recklessly!
You are too injured to fight recklessly!
You are too injured to fight recklessly!
You are too injured to fight recklessly!
You are too injured to fight recklessly!
You are too injured to fight recklessly!
You are too injured to fight recklessly!
You are too injured to fight recklessly!
You are too injured to fight recklessly!
Unknown command.
You scratch the scorpion but do no damage.
The scorpion is almost dead.
The scorpion misses you. The human barely misses you. x2
Unknown command.
You scratch the scorpion.
The scorpion is almost dead.
The scorpion misses you. The human hits you. The human closely misses you.
The scorpion stings you but does no damage.
You barely miss the scorpion.
The scorpion is severely wounded.
The human hits you with a +0 club.
* * * LOW HITPOINT WARNING * * *
The human hits you.
* * * LOW HITPOINT WARNING * * *
The human hits you but does no damage. The scorpion completely misses you.
You closely miss the scorpion. Your claw misses the scorpion.
The scorpion is severely wounded.
The human hits you with a +0 club!
You die...

###..##
......
#.....#
.....
##...###
.... #..###
#... ##.##
#p.. ##.##
#... ##.##
+..p###..#
#..ph...##
......p.s..#
..####.....#
#.....#
#......#
........#
..###..##
..# ####


You could see 4 humans and a scorpion.

Vanquished Creatures
  Sigmund (D:5)
  2 yaks (D:6)
  Eustachio (D:5)
  A phantom (D:5)
  2 scorpions
  A howler monkey (D:5)
  A jelly (D:6)
  3 hounds
  4 iguanas
  9 adders
  2 worms
  2 dart slugs
  11 orcs
  3 ball pythons (D:1)
  5 endoplasms
  4 giant cockroaches
  8 hobgoblins
  11 jackals
  10 kobolds
  4 quokkas
  8 bats
  3 frilled lizards (D:1)
  8 goblins
  8 rats
112 creatures vanquished.

Notes
Turn   | Place    | Note
-------+----------+-------------------------------------------
     0 | D:1      | Descartes the Felid Shapeshifter began the quest for the
                  | Orb.
     0 | D:1      | Reached XP level 1. HP: 9/9 MP: 2/2
   130 | D:1      | Reached skill level 3 in Dodging
   182 | D:1      | Reached XP level 2. HP: 12/12 MP: 3/3
   597 | D:1      | Found a faded altar of an unknown god.
   609 | D:1      | Reached XP level 3. HP: 14/15 MP: 4/4
   982 | D:2      | Identified the +5 long sword of Inflation {flame, Will+
                  | Str+3 Dex+2}
  1012 | D:2      | Found an ornate altar of the Wu Jian Council.
  1136 | D:2      | Reached XP level 4. HP: 15/19 MP: 5/5
  1355 | D:3      | Reached skill level 4 in Dodging
  1467 | D:3      | Reached XP level 5. HP: 22/23 MP: 6/6
  2155 | D:4      | HP: 1/23 [poisoned by a scorpion]
  2155 | D:4      | Slain by a scorpion
  2407 | D:4      | Found Rinoec's General Store.
  2485 | D:5      | Entered Level 5 of the Dungeon
  2496 | D:5      | Gained mutation: You are covered in thick fur. (AC +2)
                  | [Felid growth]
  2496 | D:5      | Reached XP level 6. HP: 19/28 MP: 7/7
  2589 | D:5      | Noticed Sigmund
  2598 | D:5      | Slain by Sigmund
  2621 | D:5      | Killed Sigmund
  2622 | D:5      | Reached skill level 5 in Dodging
  2711 | D:5      | Reached XP level 7. HP: 31/31 MP: 8/8
  2890 | D:5      | Reached skill level 5 in Shapeshifting
  2935 | D:5      | Noticed Eustachio
  2947 | D:5      | Killed Eustachio
  2948 | D:5      | Reached skill level 5 in Unarmed Combat
  3096 | D:5      | Reached skill level 6 in Dodging
  3971 | D:6      | Found Qiagh's Jewellery Shop.
  4050 | D:6      | Noticed a yak
  4050 | D:6      | Noticed a yak
  4050 | D:6      | Noticed a yak
  4051 | D:6      | Noticed a yak
  4051 | D:6      | Noticed a yak
  4056 | D:6      | Noticed a yak
  4073 | D:6      | Killed a yak
  4074 | D:6      | Reached XP level 8. HP: 27/36 MP: 9/9
  4429 | D:6      | Slain by a yak
  4538 | D:6      | Slain by a human

Illustrated notes

Levels and vault maps discovered:
D:1:      matt_arrival_grand_opening, layout_basic,
          hellmonk_ecumenical_altar_dog_temple, nrook_mini_backslash,
          minmay_misc_feat_diagonals
D:2:      layout_basic, basic_altar
D:3:      layout_rooms, serial_aquarium, aquarium_bridge_island_large
          [aquarium_subvault_large_water, aquarium_subvault_bridge,
          aquarium_subvault_wall, aquarium_subvault_window,
          aquarium_subvault_bridge], aquarium_window_1, aquarium_window_fake,
          aquarium_view_2c, aquarium_balcony_1a
D:4:      layout_basic, serial_shops, shop
D:5:      layout_layer_cave, hangedman_decor_growths, uniq_eustachio,
          uniq_sigmund
D:6:      layout_cave_pods, serial_shops, nicolae_shop_gaudy_bauble,
          minmay_ruffians

Skill      XL: |  1  2  3  4  5  6  7 |
---------------+----------------------+-----
Dodging        | 3 4 5 6 |  6.9
Fighting       | 2 3 4 |  4.9
Shapeshifting  | 4 5 |  5.9
Unarmed Combat | 4 5 |  5.8

Action                     |  1- 3 |  4- 6 |  7- 9 || total
---------------------------+-------+-------+-------++-------
  Melee: Unarmed           |   113 |   138 |    82 ||   333
         Bite              |    12 |     7 |    10 ||    29
         Punch             |     2 |     1 |     7 ||    10
   Stab: Sleeping          |       |     2 |       ||     2
 Armour: Skin              |    36 |    52 |    35 ||   123
  Dodge: Dodged            |    95 |    97 |    62 ||   254

Table legend: (Time is in decaauts)
 A = Elapsed time spent in this place.
 B = Non-inter-level travel time spent in this place.
 C = Inter-level travel time spent in this place.
 D = Time resting spent in this place.
 E = Time spent auto-exploring this place.
 F = Levels seen in this place.
 G = Mean time per level.
                   A        B        C        D        E       F      G
               +--------+--------+--------+--------+--------+-----+--------+
         Total |   3858 |   3762 |     96 |      2 |   3025 |   6 |  643.0 |
       Dungeon |   3858 |   3762 |     96 |      2 |   3025 |   6 |  643.0 |
               +--------+--------+--------+--------+--------+-----+--------+

Top non-repeatable levels by time:
     D:5: 1179 daAuts
     D:1: 679 daAuts
     D:6: 571 daAuts
     D:3: 508 daAuts
     D:4: 481 daAuts
     D:2: 437 daAuts
